 Dungeon Crawl Stone Soup version 0.25.1-8-g42b30a86e7 (webtiles) character file.

Game seed: 12159381912094129496

55 pokeman the Magician (level 3, 0/20 HPs)
             Began as a Deep Elf Wizard on Dec 5, 2020.
             Killed from afar by Sigmund (10 damage)
             ... with a magic dart
             ... on level 2 of the Dungeon.
             The game lasted 00:03:09 (1410 turns).

pokeman the Magician (Deep Elf Wizard)              Turns: 1410, Time: 00:03:09

Health: 0/20       AC:  2    Str:  4    XL:     3   Next: 67%
Magic:  3/11       EV: 13    Int: 23    God:
Gold:   25         SH:  0    Dex: 13    Spells: 1/12 levels left

rFire    . . .     SeeInvis .   f - -2 hand axe (curse)
rCold    . . .     Gourm    .   (no shield)
rNeg     . . .     Faith    .   a - +0 robe
rPois    .         Spirit   .   b - +0 hat
rElec    .         Reflect  .   (no cloak)
rCorr    +         Harm     .   (no gloves)
MR       .....                  (no boots)
Stlth    ++........             (no amulet)
HPRegen  0.06/turn              i - ring of resist corrosion
MPRegen  0.12/turn              (no ring)

@: lethally poisoned (0 -> -6), very slightly contaminated
A: no striking features
a: no special abilities


You were on level 2 of the Dungeon.
You were not hungry.

You visited 1 branch of the dungeon, and saw 2 of its levels.

You collected 25 gold pieces.

Inventory:

Hand Weapons
 f - a cursed -2 hand axe (weapon)
Armour
 a - a +0 robe (worn)
 b - a +0 hat (worn)
 l - a +0 buckler
Jewellery
 i - a ring of resist corrosion (left hand)
Scrolls
 e - a scroll of identify {unknown}
 j - a scroll of enchant weapon {unknown}
 k - a scroll of remove curse {unknown}
 m - 2 scrolls of teleportation {unknown}
Potions
 c - a potion of curing {unknown}
 g - 2 potions of flight {unknown}
Comestibles
 d - 3 rations
 h - 2 chunks of flesh


   Skills:
 - Level 1.0 Fighting
 - Level 1.0 Armour
 - Level 2.4 Dodging
 - Level 2.4 Stealth
 + Level 0.0 Shields
 * Level 5.3 Spellcasting
 + Level 2.0 Conjurations
 - Level 1.1 Summonings
 - Level 1.1 Translocations
 + Level 0.0 Fire Magic


You had one spell level left.
You knew the following spells:

 Your Spells              Type           Power        Failure   Level  Hunger
a - Magic Dart            Conj           ###.         4%          1    None
b - Mephitic Cloud        Conj/Pois/Air  #.......     21%         3    ##.....
c - Call Imp              Summ           ##......     9%          2    None
d - Blink                 Tloc           N/A          9%          2    None
e - Conjure Flame         Conj/Fire      ##......     19%         3    ##.....

Your spell library contained the following spells:

 Spells                   Type           Power        Failure   Level  Hunger
 Slow                     Hex            #.......     14%         2    None


Dungeon Overview and Level Annotations

Branches:
Dungeon (2/15)

Altars:

Annotations:
D:2 Sigmund, Terence


Message History

You miscast Conjure Flame.
You are very lightly contaminated with residual magic.
Nothing appears to happen.
Casting: Conjure Flame (extremely dangerous; 19% risk of failure)
Confirm with . or Enter, or press ? or * to list all spells.
The spell is extremely dangerous to cast (19% risk of failure)!
Continue anyway?
You miscast Conjure Flame.
Energy rips through your body!
The jackal barks!
Sigmund hits you from afar with a +2 scythe of venom.
You are poisoned.
A jackal comes into view.
You feel sick.
You feel sick. Sigmund gestures at you while chanting.
You resist with some effort.
You feel sick. Sigmund gestures at you while chanting. The magic dart hits you!
Ouch! That really hurt!
You die...

... .... #.# #'# #......
###.# #†# #......# #....
#h# #......### #.##. #h#
#........ #.... #.#
#.......# #.... #.#
#....##.# #.##.
#@#####.....#.####.##.
.#####....@..#.#........#..
...............#....#####..
.............###...........
........####.#.....#.#.#..#
#.......####.#.##.........#
#...(........#)....#.#.#..#
##+###[..................##
#.÷....#####..#.#.#.#
#......# #........


You could see Sigmund.

Vanquished Creatures
  4 adders (D:2)
  A dart slug (D:2)
  A ball python (D:1)
  2 bats (D:1)
  4 goblins (D:1)
  A frilled lizard (D:1)
  3 kobolds
  2 rats
18 creatures vanquished.

Notes
Turn   | Place    | Note
-------+----------+-------------------------------------------
     0 | D:1      | pokeman the Deep Elf Wizard began the quest for the Orb.
     0 | D:1      | Reached XP level 1. HP: 10/10 MP: 7/7
   646 | D:1      | Reached XP level 2. HP: 16/16 MP: 7/9
   937 | D:2      | Noticed Terence
  1133 | D:2      | Reached skill level 5 in Spellcasting
  1204 | D:2      | Reached XP level 3. HP: 20/20 MP: 6/11
  1209 | D:2      | Learned a level 3 spell: Mephitic Cloud
  1212 | D:2      | Learned a level 2 spell: Call Imp
  1215 | D:2      | Learned a level 2 spell: Blink
  1219 | D:2      | Learned a level 3 spell: Conjure Flame
  1399 | D:2      | Noticed Sigmund
  1401 | D:2      | Reached skill level 1 in Fighting
  1401 | D:2      | Reached skill level 1 in Armour
  1410 | D:2      | Killed from afar by Sigmund

Illustrated notes

Levels and vault maps discovered:
D:1:      elethiomel_arrival_quiet, layout_loops_corners
D:2:      layout_basic, serial_glass, glass_columns_a, glass_columns_b,
          st_stairs_9, nrook_campfire, minmay_misc_feat_five, minivault_26,
          minmay_box_of_dots, uniq_terence, uniq_sigmund

Skill      XL: |  1  2  3 |
---------------+----------+-----
Spellcasting   | 5 |  5.3
Fighting       | 1 |  1.0
Armour         | 1 |  1.0
Conjurations   | 2 |  2.0
Dodging        | |  2.4
Stealth        | |  2.4
Summonings     | |  1.1
Translocations | |  1.1

Action                   || total
-------------------------++-------
 Cast: Magic Dart        ||    43
  Eat: Chunk             ||     1
Armor: Robe              ||     1
Dodge: Dodged            ||     3
